AoeStats
← waLLefps.

Arena

505418459Analyzed
1v1 RM · 23d ago on Sep 9, 2026· 61m 49s· 2 players
Game mode
Random Map
Map size
Tiny (2 player)
Population
200
Speed
Normal
Resources
Standard
Victory
Conquest
Starting age
Dark Age
Ending age
Imperial Age
RankedLock teamsTeams togetherTeam positionsShared explorationLock speedFull tech treeHidden civsTurbo modeCheats
Victory
Defeat
🇨🇳 Japanese · China
1429
+15
🇹🇷 Dravidians · Türkiye
1404
-15
waLLefps.
11:17 Feudal Age
13:10 Double-Bit Axe
13:38 Horse Collar
16:05 Castle Age
17:18 Bow Saw
17:32 Heavy Plow
23:28 Wheelbarrow
23:01 Loom
24:15 Town Watch
24:46 Hand Cart
30:25 Imperial Age
28:11 Fletching
28:22 Padded Archer Armor
29:12 Thumb Ring
29:12 Bodkin Arrow
30:34 Ballistics
30:25 Masonry
30:26 Fortified Wall
31:02 Medical Corps
31:19 Leather Archer Armor
31:13 Husbandry
32:30 Chemistry
32:52 Bracer
33:17 Elite Elephant Archer
34:32 Elite Elephant Archer
38:59 Ring Archer Armor
38:19 Siege Elephant
39:35 Conscription
46:13 Scale Barding Armor
46:19 Forging
lookatyouzaD
10:53 Feudal Age
14:25 Castle Age
12:11 Double-Bit Axe
12:12 Horse Collar
15:59 Bow Saw
22:48 Gold Mining
23:15 Stone Mining
24:22 Wheelbarrow
28:03 Imperial Age
26:09 Hand Cart
25:40 Treadmill Crane
26:45 Gold Shaft Mining
26:53 Heavy Plow
27:19 Loom
27:19 Town Watch
27:31 Fletching
27:35 Guard Tower
28:06 Ballistics
28:07 Yasama
28:07 Bodkin Arrow
28:27 Masonry
29:47 Keep
29:34 Conscription
29:32 Siege Engineers
29:17 Arrowslits
30:20 Town Patrol
30:40 Bracer
31:09 Kataparuto
32:05 Two-Man Saw
31:48 Pikeman
32:56 Halberdier
34:06 Squires
35:17 Chemistry
36:15 Hoardings
60:04 Spies/Treason
Connection lost

Rejoining the realm…

Still unreachable

The connection could not be restored.

Session expired

The server has moved on; the page needs a fresh start.